 Dungeon Crawl Stone Soup version 0.28-a0-537-g3bccd9ccbf (webtiles) character file.

Game seed: 1936939974473156197

126 Demosthentine the Poker (level 5, 0/41 HPs)
             Began as a Merfolk Gladiator on Sept 27, 2021.
             Killed from afar by Natasha (6 damage)
             ... with a magic dart
             ... on level 3 of the Dungeon.
             The game lasted 00:02:54 (2745 turns).

Demosthentine the Poker (Merfolk Gladiator)         Turns: 2745, Time: 00:02:55

Health: 0/41       AC:  5    Str: 15    XL:     5   Next: 9%
Magic:  14/14      EV: 13    Int:  8    God:
Gold:   113        SH:  0    Dex: 15    Spells: 4/4 levels left

rFire   . . .      SeeInvis +   a - +1 trident
rCold   . . .      Faith    .   (no shield)
rNeg    . . .      Spirit   .   b - +0 leather armour
rPois   .          Reflect  .   c - +0 helmet
rElec   .          Harm     .   g - +0 cloak
rCorr   .          Rampage  .   (no gloves)
Will    .....                   (no boots)
Stlth   +.........              (no amulet)
HPRegen 0.13/turn               i - ring of see invisible
MPRegen 0.14/turn               h - ring of magical power

@: no status effects
A: (nimble swimmer 2), mertail
a: no special abilities


You were on level 3 of the Dungeon.
You visited 1 branch of the dungeon, and saw 3 of its levels.

You collected 113 gold pieces.

Inventory:

Hand Weapons
 a - a +1 trident (weapon)
Missiles
 d - 3 throwing nets (quivered)
Armour
 b - a +0 leather armour (worn)
 c - a +0 helmet (worn)
 g - a +0 cloak (worn)
 m - a +0 buckler
Jewellery
 h - a ring of magical power (right hand)
 i - a ring of see invisible (left hand)
Scrolls
 e - a scroll of teleportation
 j - a scroll of fog
 l - a scroll of magic mapping {unknown}
Potions
 f - a potion of lignification


   Skills:
 + Level 3.2 Fighting
 + Level 5.4 Polearms
 - Level 2.0 Throwing
 + Level 1.4 Armour
 + Level 5.0 Dodging
 + Level 0.8 Shields


You had 4 spell levels left.
You didn't know any spells.
Your spell library contained the following spells:

 Spells                   Type           Power      Damage    Failure   Level
 Corpse Rot               Necr/Air       N/A        N/A       63%         2
 Poisonous Vapours        Pois/Air       0%         N/A       63%         2


Dungeon Overview and Level Annotations

Branches:
Dungeon (3/15)

Altars:
Nemelex Xobeh

Annotations:
D:3 Natasha


Innate Abilities, Weirdness & Mutations

((You are quick and stealthy near water. (Stealth+, EV+, Speed+++)))
Your lower body shifts to a powerful aquatic tail in water.


Message History

The orc priest calls upon Beogh to heal the orc.
The orc's wounds heal themselves!
Unknown command.
Natasha closely misses you.
You see here a rat corpse.
Natasha howls an incantation.
You feel troubled.
Natasha casts a spell.
The crimson imp shouts, "Remove thy stench, thou dankish tip-merry snake-molt!"
Natasha stares at you and mumbles some strange words.
The magic dart hits you.
* * * LOW HITPOINT WARNING * * *
Natasha casts a spell at you. The magic dart hits you.
* * * LOW HITPOINT WARNING * * *
You see here a +0 hand axe.
Natasha stares at you and mumbles some strange words.
You resist with some effort.
Natasha growls.
The crimson imp blinks!
Natasha extends her claws.
You hit Natasha.
Natasha is moderately wounded.
Natasha howls an incantation.
You feel disoriented.
Natasha stares at you and mumbles some strange words.
The magic dart hits you.
* * * LOW HITPOINT WARNING * * *
You feel better. Natasha claws you but does no damage.
You hit Natasha.
Natasha is heavily wounded.
Natasha drinks a potion.
Natasha is healed!
You closely miss Natasha. Natasha claws you.
* * * LOW HITPOINT WARNING * * *
Unknown command.
You hit Natasha.
Natasha is moderately wounded.
Natasha casts a spell at you. The magic dart hits you.
You die...

o#...# #.......#
o##.## #.#####.# .##.#
#.# #.# #
.##(#######.# #.#.#
............# #.#.##
...########.### #....
.#.# #.....# #.#.#
.#.# #.###.###.#.#####
.#.# #.# #>oh@........
#.###.###.#.#####
#.....# #.#.#
#########.#.##########
#.....†.)....(..#
#.......#######.#
#.......# ## #.#
#......... ..##.#
#.......####.##.####


You could see Natasha and an orc.

Vanquished Creatures
  A hound (D:3)
  An adder (D:3)
  A worm (D:2)
  2 dart slugs
  5 orcs (D:3)
  5 ball pythons
  5 bats
  12 endoplasms
  2 giant cockroaches
  6 goblins
  8 hobgoblins
  6 kobolds
  2 quokkas (D:2)
  5 frilled lizards
  10 rats
71 creatures vanquished.

Notes
Turn   | Place    | Note
-------+----------+-------------------------------------------
     0 | D:1      | Demosthentine the Merfolk Gladiator began the quest for the
                  | Orb.
     0 | D:1      | Reached XP level 1. HP: 16/16 MP: 1/1
   215 | D:1      | Reached XP level 2. HP: 23/23 MP: 2/2
   696 | D:1      | Reached XP level 3. HP: 9/28 MP: 3/3
  1288 | D:1      | Found a faded altar of an unknown god.
  1592 | D:2      | Reached skill level 5 in Polearms
  1737 | D:2      | Reached skill level 1 in Armour
  1847 | D:2      | Reached XP level 4. HP: 16/34 MP: 4/4
  2300 | D:3      | Found a sparkling altar of Nemelex Xobeh.
  2341 | D:3      | Reached skill level 5 in Dodging
  2577 | D:3      | Reached XP level 5. HP: 36/41 MP: 5/5
  2707 | D:3      | Noticed Natasha
  2745 | D:3      | Killed from afar by Natasha

Illustrated notes

Levels and vault maps discovered:
D:1:      heliophobic_arrival_glass_houses, layout_basic,
          dreamdust_ecumenical_altar_statues, minmay_three_crescents
D:2:      layout_basic, minmay_close_crescents
D:3:      layout_loops_ring, nemelex_xobeh_ov_fountains_minmay, serial_shops,
          shop, uniq_natasha

Skill      XL: |  1  2  3  4 |
---------------+-------------+-----
Polearms       | 5 |  5.4
Armour         | 1 |  1.4
Fighting       | 3 |  3.2
Dodging        | 5 |  5.0
Throwing       | |  2.0
Shields        | |  0.8

Action                   |  1- 3 |  4- 6 || total
-------------------------+-------+-------++-------
Melee: Trident           |   149 |    77 ||   226
  Use: Scroll            |     3 |     2 ||     5
       Potion            |       |     4 ||     4
 Stab: Sleeping          |     2 |       ||     2
       Distracted        |       |     1 ||     1
Armor: Leather armour    |    26 |    16 ||    42
Dodge: Dodged            |    63 |    37 ||   100

Table legend: (Time is in decaauts)
 A = Elapsed time spent in this place.
 B = Non-inter-level travel time spent in this place.
 C = Inter-level travel time spent in this place.
 D = Time resting spent in this place.
 E = Time spent auto-exploring this place.
 F = Levels seen in this place.
 G = Mean time per level.
                   A        B        C        D        E       F      G
               +--------+--------+--------+--------+--------+-----+--------+
         Total |   2732 |   2714 |     18 |     27 |   2198 |   3 |  910.7 |
       Dungeon |   2732 |   2714 |     18 |     27 |   2198 |   3 |  910.7 |
               +--------+--------+--------+--------+--------+-----+--------+

Top non-repeatable levels by time:
     D:1: 1493 daAuts
     D:2: 763 daAuts
     D:3: 475 daAuts
